 Dungeon Crawl Stone Soup version 0.31.0-9-g3a7656b989 (console) character file.

Game seed: 9191829188352238757

744 AlterAsc the Cleaver (level 8, -1/58 HPs)
             Began as a Formicid Fighter on Jan 27, 2024.
             Was a Follower of Okawaru.
             Slain by Duvessa
             ... wielding a +3 rapier of protection
              (4 damage)
             ... on level 6 of the Dungeon.
             The game lasted 00:07:35 (4042 turns).

AlterAsc the Cleaver (Formicid Fighter)             Turns: 4042, Time: 00:07:36

Health: -1/58      AC: 19    Str: 24    XL:     8   Next: 5%
Magic:  8/8        EV:  6    Int:  7    God:    Okawaru [*.....]
Gold:   167        SH:  5    Dex: 13    Spells: 7/7 levels left

rFire   . . .        a - +0 war axe
rCold   x x .        c - +0 buckler
rNeg    . . .        w - +0 plate armour
rPois   +            (helmet unavailable)
rElec   .            (no cloak)
rCorr   .            (no gloves)
SInv    +            (no boots)
Will    .....        v - amulet of Elemental Vulnerability {rPois rF-- rC-- AC+8} Stlth
                     s - ring of protection from fire
HPRegen 0.29/turn    u - ring of protection from fire
MPRegen 0.11/turn

%: no passive effects
@: lit by a corona, glowing
A: permanent stasis, dig shafts and tunnels, antennae 3, four strong arms
a: Dig, Shaft Self, Renounce Religion, Heroism


You were on level 6 of the Dungeon.
You worshipped Okawaru.
Okawaru was aware of your devotion.
You visited 1 branch of the dungeon, and saw 6 of its levels.

You collected 167 gold pieces.

Inventory:

Hand Weapons
 a - a +0 war axe (weapon)
 x - a +0 glaive
Missiles
 m - 2 poisoned darts (quivered)
Armour
 b - a +0 scale mail
 c - a +0 buckler (worn)
 p - a scarf of shadows
 w - a +0 plate armour (worn)
Jewellery
 s - a ring of protection from fire (left hand)
 u - a ring of protection from fire (right hand)
 v - the amulet of Elemental Vulnerability (around neck) {rPois rF-- rC-- AC+8}
   (You found it on level 4 of the Dungeon)

   [amulet of nothing]

   AC+8:      It affects your AC (+8).
   rF--:      It makes you very vulnerable to fire.
   rC--:      It makes you very vulnerable to cold.
   rPois:     It protects you from poison
 A - an amulet of the acrobat
 E - a +6 ring of intelligence
Scrolls
 e - a scroll of enchant armour {unknown}
 f - 4 scrolls of teleportation {unknown}
 g - 2 scrolls of revelation {unknown}
 h - 3 scrolls of poison {unknown}
 k - a scroll of fear {unknown}
 l - 2 scrolls of blinking {unknown}
 q - 2 scrolls of identify {unknown}
 r - a scroll of noise {unknown}
 t - a scroll of vulnerability {unknown}
 y - a scroll of torment {unknown}
 B - a scroll of fog {unknown}
Potions
 d - a potion of might
 i - a potion of magic {unknown}
 j - a potion of attraction {unknown}
 n - 4 potions of heal wounds {unknown}
 o - a potion of enlightenment {unknown}
 z - a potion of curing {unknown}
 C - a potion of brilliance {unknown}
 D - a potion of lignification {unknown}


   Skills:
 - Level 3.2 Fighting
 + Level 8.6 Axes
 - Level 3.2 Armour
 - Level 4.0 Shields


You had 7 spell levels left.
You didn't know any spells.
Your spell library contained the following spells:

 Spells                   Type           Power      Damage    Failure   Level
 Gell's Gravitas          Tloc           0%         N/A       100%        3
 Teleport Other           Tloc           0%         N/A       100%        3
 Dispersal                Tloc           0%         N/A       100%        6


Dungeon Overview and Level Annotations

Branches:
Dungeon (6/15)
 Temple: D:4-7

Altars:
Okawaru
Zin

Annotations:
D:5 3 runed translucent doors, temujin's ghost, novice DjCj
D:6 Duvessa


Innate Abilities, Weirdness & Mutations

You cannot be hasted, slowed, berserked, paralysed or teleported.
You can dig through walls and to a lower floor.
You have a pair of large antennae on your head. (SInv)
Your four strong arms can wield two-handed weapons with a shield.


Message History

Duvessa closely misses you.
Dowan points at you and mumbles some strange words.
You are outlined in light.
Duvessa completely misses you. Dowan casts a spell at you.
The puff of flame hits you. Duvessa hits you but does no damage.
You hit Dowan.
Dowan is lightly wounded.
You hit Duvessa. You block Duvessa's attack. Dowan barely misses you.
You slash Dowan!
Dowan is heavily wounded.
You hit Duvessa.
Duvessa says, "When magic and the sword combine, nothing stands against them."
Duvessa hits you but does no damage. Dowan casts a spell at you.
The puff of frost hits you!
You feel a terrible chill!
You slash Dowan!
You kill Dowan!
Okawaru accepts your kill.
Duvessa weeps, and shakes her weapon.
Duvessa goes berserk!
You hit Duvessa but do no damage. Duvessa hits you but does no damage.
You have reached level 8!
You feel stronger.
You slash Duvessa!
Duvessa is moderately wounded.
Duvessa hits you with a +3 rapier of protection!
Duvessa hits you with a +3 rapier of protection.
You hit Duvessa.
Duvessa is moderately wounded.
Duvessa completely misses you. Duvessa hits you but does no damage.
You hit Duvessa.
Duvessa is heavily wounded.
Duvessa hits you but does no damage.
You hit Duvessa.
Duvessa is heavily wounded.
Duvessa hits you with a +3 rapier of protection!!
* * * LOW HITPOINT WARNING * * *
Duvessa hits you with a +3 rapier of protection.
You die...

#.... .##.... ......
#### . #...# #<.##..
#...##########......
#....#..'...........
{#.).e#..#...<..>....
#@...###..##..####
#..#######..##..##
..... #.........#
....... #.........+
####### ###########


You could see Duvessa (berserk).

Vanquished Creatures
  An orc warrior (D:3)
  An ogre (D:5)
  A scorpion (D:5)
  Dowan (D:6)
  A bombardier beetle (D:4)
  A jelly (D:5)
  An orc priest (D:4)
  2 hounds (D:5)
  Jessica (D:2)
  An iguana (D:5)
  A sleepcap (D:4)
  2 orc wizards (D:4)
  8 adders
  An ufetubus (D:5)
  2 dart slugs (D:5)
  17 orcs
  8 ball pythons
  7 endoplasms
  4 giant cockroaches
  5 goblins
  6 hobgoblins
  3 jackals (D:2)
  5 kobolds
  2 quokkas
  2 bats (D:1)
  5 frilled lizards
  A rat (D:2)
90 creatures vanquished.

Notes
Turn   | Place    | Note
-------+----------+-------------------------------------------
     0 | D:1      | AlterAsc the Formicid Fighter began the quest for the Orb.
     0 | D:1      | Reached XP level 1. HP: 18/18 MP: 1/1
   110 | D:1      | Reached XP level 2. HP: 20/24 MP: 2/2
   198 | D:1      | Reached skill level 3 in Axes
   323 | D:1      | Found a faded altar of an unknown god.
   331 | D:1      | Reached XP level 3. HP: 29/29 MP: 3/3
  1082 | D:2      | Noticed Jessica
  1093 | D:2      | Reached skill level 4 in Axes
  1093 | D:2      | Reached XP level 4. HP: 35/35 MP: 4/4
  1102 | D:2      | Killed Jessica
  1526 | D:3      | Found an iron altar of Okawaru.
  1545 | D:3      | Became a worshipper of Warmaster Okawaru
  1651 | D:3      | Reached XP level 5. HP: 41/41 MP: 5/5
  1721 | D:3      | Reached skill level 5 in Axes
  2200 | D:4      | Found the amulet of Elemental Vulnerability {rPois rF--
                  | rC-- AC+8}
  2223 | D:4      | Noticed an orc warrior
  2229 | D:4      | Reached XP level 6. HP: 31/47 MP: 6/6
  2478 | D:3      | Killed an orc warrior
  2479 | D:3      | Reached skill level 6 in Axes
  2664 | D:4      | Found a glowing silver altar of Zin.
  2854 | D:4      | Reached * piety under Okawaru
  2855 | D:4      | Reached skill level 7 in Axes
  2855 | D:4      | Reached XP level 7. HP: 52/52 MP: 7/7
  3074 | D:5      | Entered Level 5 of the Dungeon
  3139 | D:5      | Found a runed translucent gate.
  3139 | D:5      | Found a runed translucent gate.
  3139 | D:5      | Found a runed translucent gate.
  3145 | D:5      | Noticed temujin's ghost (novice DjCj)
  3643 | D:5      | Reached skill level 8 in Axes
  4032 | D:6      | Noticed Duvessa
  4032 | D:6      | Noticed Dowan
  4038 | D:6      | Killed Dowan
  4039 | D:6      | Reached XP level 8. HP: 37/58 MP: 8/8
  4042 | D:6      | Slain by Duvessa

Illustrated notes

Levels and vault maps discovered:
D:1:      wheals_arrival_linesprint, layout_basic,
          hellmonk_ecumenical_altar_run_dry
D:2:      layout_basic, amcnicky_mini_pool_small, uniq_jessica
D:3:      layout_basic, kennysheep_okawaru_gauntlet,
          nicolae_elyvilon_peaceful_grove, chequers_serial_rivers_small_b
D:4:      layout_basic, zin_statuary
D:5:      layout_basic, gammafunk_ghost_necromancy, hangedman_minor_gate_pass
D:6:      layout_gridville, mainiacjoe_overflow_concentric_impassable,
          amethyst_killhole, uniq_duvessa

Skill      XL: |  1  2  3  4  5  6  7 |
---------------+----------------------+-----
Axes           | 3 4 5 7 8 |  8.6
Fighting       | |  3.2
Armour         | |  3.2
Shields        | |  4.0

Action                     |  1- 3 |  4- 6 |  7- 9 || total
---------------------------+-------+-------+-------++-------
  Melee: War axe           |    63 |    96 |   104 ||   263
  Throw: Dart              |     1 |     2 |       ||     3
 Armour: Scale mail        |    27 |    60 |       ||    87
         Plate armour      |       |    17 |   100 ||   117
  Dodge: Dodged            |    27 |    46 |    49 ||   122
  Block: Buckler           |    20 |    32 |    36 ||    88
